 Dungeon Crawl Stone Soup version 0.29.1-15-g9cfb28693d (webtiles) character file.

Game seed: 12910878204843609380

952 Heoruswealwe the Thaumaturge (level 7, -4/36 HPs)
             Began as a Deep Elf Earth Elementalist on Apr 3, 2023.
             Slain by Duvessa
             ... wielding a +0 short sword
              (6 damage)
             ... on level 5 of the Dungeon.
             The game lasted 00:37:41 (3249 turns).

Heoruswealwe the Thaumaturge (DEEE)                 Turns: 3249, Time: 00:37:41

Health: -4/36      AC:  6    Str:  5    XL:     7   Next: 90%
Magic:  15/21      EV: 12    Int: 22    God:
Gold:   186        SH:  0    Dex: 15    Spells: 13/23 levels left

rFire   . . .      SeeInvis .   q - +1 broad axe (vamp)
rCold   . . .      Faith    .   (no shield)
rNeg    . . .      Spirit   .   c - +1 robe {Will+}
rPois   .          Reflect  .   g - +0 helmet
rElec   .          Harm     .   v - +0 cloak
rCorr   .          Rampage  .   z - +0 pair of gloves
Will    +....                   (no boots)
Stlth   ++........              (no amulet)
HPRegen 0.12/turn               (no ring)
MPRegen 0.17/turn               (no ring)

@: no status effects
A: no striking features
a: no special abilities


You were on level 5 of the Dungeon.
You visited 1 branch of the dungeon, and saw 5 of its levels.

You collected 274 gold pieces.
You spent 88 gold pieces at shops.

Inventory:

Hand Weapons
 q - a +1 vampiric broad axe (weapon)
 x - a +1 war axe of electrocution
Armour
 c - a +1 robe of willpower (worn)
 g - a +0 helmet (worn)
 h - a +2 robe of cold resistance
 p - a +0 helmet
 v - a +0 cloak (worn)
 z - a +0 pair of gloves (worn)
Wands
 m - a wand of acid (6)
Scrolls
 a - 2 scrolls of teleportation {unknown}
 i - 2 scrolls of vulnerability {unknown}
 r - a scroll of identify
 s - 2 scrolls of enchant weapon {unknown}
 w - a scroll of enchant armour {unknown}
 y - a scroll of poison {unknown}
Potions
 b - a potion of magic
 d - 3 potions of curing
 e - 2 potions of might
 f - 3 potions of resistance
 j - 5 potions of flight
 k - a potion of haste
 l - 2 potions of heal wounds
 n - a potion of cancellation {unknown}
 o - a potion of ambrosia {unknown}
 t - a potion of attraction {unknown}
 u - a potion of degeneration {unknown}


   Skills:
 - Level 2.4 Dodging
 - Level 2.4 Stealth
 + Level 8.9 Spellcasting
 - Level 1.1 Transmutations
 + Level 7.8 Earth Magic


You had 13 spell levels left.
You knew the following spells:

 Your Spells              Type           Power      Damage    Failure   Level
a - Sandblast             Erth           88%        2d18      1%          1
b - Stone Arrow           Conj/Erth      54%        3d10      4%          3
c - Petrify               Tmut/Erth      29%        N/A       11%         4
z - Passwall              Tmut/Erth      24%        N/A       1%          2

Your spell library contained the following spells:

 Spells                   Type           Power      Damage    Failure   Level
 Freeze                   Ice            36%        1d6       7%          1
 Frozen Ramparts          Ice            18%        1d3       21%         3
 Portal Projectile        Hex/Tloc       18%        N/A       21%         3
 Tukima's Dance           Hex            9%         N/A       21%         3
 Hailstorm                Conj/Ice       9%         3d4       56%         4
 Blade Hands              Tmut           7%         N/A       75%         5


Dungeon Overview and Level Annotations

Branches:
Dungeon (5/15)
 Temple: D:4-7

Altars:
Ashenzari
Fedhas
Uskayaw
Wu Jian
The Shining One

Shops:
D:2 *   D:3 [

Annotations:
D:5 Duvessa


Message History

Found a stone staircase leading down.
There is a stone staircase leading up here.
Dowan, Brother of Duvessa comes into view.
He is wielding a +0 dagger.
Dowan shouts!
Dowan drinks a potion.
Dowan suddenly seems more resistant.
You can't see any susceptible monsters within range! (Use Z to cast anyway.) Duvessa, Sister of Dowan comes into view.
She is wielding a +0 short sword and wearing a +2 leather armour of willpower.
Dowan points at Duvessa and mumbles some strange words.
Duvessa shouts!
Duvessa seems to speed up.
The blast of sand hits Dowan!!
Dowan is almost dead.
Duvessa says, "Where magic fails, the sword succeeds!"
The blast of sand hits Duvessa.
Duvessa is lightly wounded.
The blast of sand hits Duvessa but does no damage.
Duvessa is lightly wounded.
Duvessa hits you with a +0 short sword. Duvessa barely misses you.
Dowan gestures wildly while chanting.
Dowan blinks!
The blast of sand hits Duvessa.
Duvessa is moderately wounded.
Duvessa barely misses you. x2
The blast of sand hits Dowan!!
You kill Dowan!
Duvessa weeps, and shakes her weapon.
Duvessa goes berserk!
Duvessa hits you with a +0 short sword! Duvessa hits you with a +0 short sword.
You are too injured to fight recklessly!
Casting: Sandblast (safe; 1% risk of failure)
Confirm with . or Enter, or press ? or * to list all spells.
Aiming: Sandblast (safe; 1% risk of failure)
Press: ? - help, Shift-Dir - straight line, f - Duvessa
Aim: Duvessa, wielding a +0 short sword and wearing a +2 leather armour of willpower (moderately wounded, berserk, fast, 87% to hit)
The blast of sand hits Duvessa.
Duvessa is moderately wounded.
Duvessa hits you with a +0 short sword. Duvessa hits you with a +0 short sword!
* * * LOW HITPOINT WARNING * * *
Duvessa hits you with a +0 short sword.
You die...

..##.#
#....#####.....#.#.#...
..##.# #....#
###.###.#...## ..##.#
#....#### ..# .# ..#
..##.# #.......# #..# .#
...
#################.###..##
8.8.8.♣.8.8.8.8..........
................<........
8.♣.8.8.8.8.♣.8...#.#..##
################@)# #
#.e........ #.#.......#
...........#
##.#...#.....
...>....#..#
##.##.##.#... ### .#


You could see Duvessa (berserk, fast).

Vanquished Creatures
  A black bear (D:5)
  A phantom (D:5)
  A bullfrog (D:4)
  2 scorpions (D:4)
  Blork the orc (D:4)
  2 necrophages
  Dowan (D:5)
  3 hounds
  Natasha (thrice) (D:3)
  Robin (D:3)
  A gnoll (D:3)
  6 adders
  4 worms
  A dart slug (D:1)
  10 orcs
  13 ball pythons
  6 endoplasms
  9 giant cockroaches
  15 goblins
  11 hobgoblins
  5 jackals (D:2)
  4 kobolds
  3 quokkas
  6 bats
  5 frilled lizards
  4 rats
119 creatures vanquished.

Notes
Turn   | Place    | Note
-------+----------+-------------------------------------------
     0 | D:1      | Heoruswealwe the Deep Elf Earth Elementalist began the
                  | quest for the Orb.
     0 | D:1      | Reached XP level 1. HP: 10/10 MP: 6/6
   178 | D:1      | Reached XP level 2. HP: 15/15 MP: 5/8
   185 | D:1      | Learned a level 2 spell: Passwall
   349 | D:1      | Found a faded altar of an unknown god.
   382 | D:1      | Prayed at the altar of an unknown god.
   382 | D:1      | Became a worshipper of Uskayaw the Reveller
   382 | D:1      | Reached * piety under Uskayaw
   383 | D:1      | Fell from the grace of Uskayaw
   654 | D:2      | Reached skill level 4 in Spellcasting
   736 | D:2      | Reached XP level 3. HP: 19/19 MP: 8/10
   740 | D:2      | Learned a level 3 spell: Stone Arrow
  1082 | D:2      | Found Cyzowula's General Store.
  1094 | D:2      | Bought a scroll of identify for 22 gold pieces
  1094 | D:2      | Bought a scroll of identify for 22 gold pieces
  1094 | D:2      | Bought a scroll of identify for 22 gold pieces
  1094 | D:2      | Bought a scroll of identify for 22 gold pieces
  1325 | D:3      | Noticed Robin
  1326 | D:3      | Reached XP level 4. HP: 24/24 MP: 10/12
  1330 | D:3      | Killed Robin
  1338 | D:3      | Learned a level 4 spell: Petrify
  1356 | D:3      | Noticed a necrophage
  1362 | D:3      | Killed a necrophage
  1363 | D:3      | Reached skill level 5 in Spellcasting
  1363 | D:3      | Reached skill level 5 in Earth Magic
  1363 | D:3      | Reached XP level 5. HP: 28/28 MP: 0/14
  1388 | D:3      | Noticed Natasha
  1392 | D:3      | Killed Natasha
  2038 | D:3      | Reached skill level 6 in Spellcasting
  2144 | D:3      | Found Pyokabig's Armour Emporium.
  2146 | D:3      | Noticed Natasha
  2151 | D:3      | Killed Natasha
  2152 | D:3      | Reached XP level 6. HP: 26/32 MP: 12/17
  2157 | D:3      | Noticed Natasha
  2160 | D:3      | Killed Natasha
  2323 | D:4      | Found a large runed translucent door.
  2330 | D:4      | Found a large runed translucent door.
  2336 | D:4      | Noticed Blork the orc
  2342 | D:4      | Killed Blork the orc
  2346 | D:4      | Reached skill level 7 in Spellcasting
  2376 | D:4      | Found a broken altar of Ashenzari.
  2379 | D:4      | Reached XP level 7. HP: 34/36 MP: 14/19
  2389 | D:4      | Found an ornate altar of the Wu Jian Council.
  2583 | D:4      | Found a glowing golden altar of the Shining One.
  3053 | D:5      | Entered Level 5 of the Dungeon
  3059 | D:5      | Reached skill level 8 in Spellcasting
  3104 | D:5      | Found a blossoming altar of Fedhas.
  3241 | D:5      | Noticed Dowan
  3243 | D:5      | Noticed Duvessa
  3248 | D:5      | Killed Dowan
  3249 | D:5      | Slain by Duvessa

Illustrated notes

Levels and vault maps discovered:
D:1:      dpeg_arrival_water_temple_mockup, layout_loops_ring,
          ebering_ecumenical_altar_webs, amcnicky_mini_pool_small,
          minmay_pentomino_o2
D:2:      layout_loops_ring, serial_shops, shop, kennysheep_generic_room_5
D:3:      layout_loops_corners, serial_shops, shop, minmay_joined_circles,
          uniq_natasha, uniq_robin
D:4:      layout_cave_pods, mainiacjoe_overflow_boulevard,
          jmf_multi_god_temple2, uniq_blork_the_orc
D:5:      layout_basic, mainiacjoe_overflow_24_doors,
          mainiacjoe_overflow_alcove_1, chequers_avenue, grunt_decor_one_mirror,
          uniq_grinder, uniq_edmund, uniq_duvessa

Skill      XL: |  1  2  3  4  5  6  7 |
---------------+----------------------+-----
Spellcasting   | 4 5 6 7 8 |  8.9
Earth Magic    | 4 5 6 7 |  7.8
Dodging        | |  2.4
Stealth        | |  2.4
Transmutations | |  1.1

Action                   |  1- 3 |  4- 6 |  7- 9 || total
-------------------------+-------+-------+-------++-------
 Cast: Sandblast         |    63 |    72 |    41 ||   176
       Passwall          |     2 |       |     1 ||     3
Invok: Renounce Religion |     1 |       |       ||     1
  Use: Scroll            |     8 |       |       ||     8
Armor: Robe              |     4 |     7 |     8 ||    19
Dodge: Dodged            |    18 |    17 |    17 ||    52
